 Dungeon Crawl Stone Soup version 0.31-a0-271-gb88eb75e06 (webtiles) character file.

Game seed: 9307047195760671604

121 HallandMoats the Trooper (level 4, -2/37 HPs)
             Began as a Demonspawn Fighter on July 15, 2023.
             Slain by a river rat (7 damage)
             ... in a sewer.
             The game lasted 00:04:53 (3000 turns).

HallandMoats the Trooper (Demonspawn Fighter)       Turns: 3000, Time: 00:04:54

Health: -2/37      AC:  7    Str: 19    XL:     4   Next: 76%
Magic:  4/4        EV:  9    Int:  9    God:
Gold:   231        SH:  4    Dex: 12    Spells: 3/3 levels left

rFire   . .          .
                       - Unarmed
rCold   . . .        c - +0 buckler
rNeg    . . .        b - +0 scale mail
rPois   .            (no helmet)
rElec   .            (no cloak)
rCorr   +            (no gloves)
SInv    .            (no boots)
Will    .....        (no amulet) Stlth
                     k - ring of resist corrosion
HPRegen 0.26/turn    (no ring)
MPRegen 0.09/turn

%: no passive effects
@: mighty
A: claws 1, sharp scales 1
a: no special abilities


You were in a sewer.
You visited 1 branch of the dungeon, and saw 4 of its levels.
You also visited: Sewer.

You collected 231 gold pieces.

Inventory:

Hand Weapons
 a - a +0 war axe
Armour
 b - a +0 scale mail (worn)
 c - a +0 buckler (worn)
Jewellery
 k - a ring of resist corrosion (left claw)
Scrolls
 g - 3 scrolls of teleportation {unknown}
 h - 2 scrolls of fog {unknown}
 i - 5 scrolls of identify {unknown}
 j - 2 scrolls of butterflies {unknown}
 l - a scroll of poison {unknown}
 o - 2 scrolls of immolation {unknown}
 p - a scroll of fear {unknown}
Potions
 d - a potion of might
 e - a potion of curing {unknown}
 f - a potion of mutation {unknown}
 m - 3 potions of brilliance {unknown}
 n - a potion of ambrosia {unknown}


   Skills:
 * Level 4.2 Fighting
 - Level 2.1 Axes
 - Level 2.6 Armour
 + Level 3.3 Shields
 * Level 2.1 Unarmed Combat


You had 3 spell levels left.
You didn't know any spells.
Your spell library was empty.

Dungeon Overview and Level Annotations

Branches:
Dungeon (4/15)              Sewer (1/1)
 Temple: D:4-7

Altars:
Ashenzari
Cheibriados
Hepliaklqana

Shops:
D:1 [


Innate Abilities, Weirdness & Mutations

You have sharp fingernails.
You are partially covered in razor-sharp scales. (AC +1, Slay +1)


Message History

You enter the shallow water.
Moving in this stuff is going to be slow.
You open the large door. 2 river rats come into view.
You completely miss the river rat.
A river rat comes into view.
The river rat bites you!
You scratch the river rat.
The river rat is heavily wounded.
The river rat bites you! You block the river rat's attack.
You closely miss the river rat.
The river rat is heavily wounded.
The river rat completely misses you. The river rat barely misses you.
The river rat attacks as you move away!
The river rat bites you but does no damage.
You barely miss the river rat.
The river rat is heavily wounded.
The river rat bites you but does no damage.
The river rat misses you.
You closely miss the river rat.
The river rat is heavily wounded.
The river rat barely misses you.
You scratch the river rat but do no damage.
The river rat bites you. x2
You scratch the river rat but do no damage.
The river rat bites you.
The river rat bites you but does no damage.
The river rat closely misses you. The river rat attacks as you move away!
The river rat bites you.
You enter the shallow water.
Moving in this stuff is going to be slow.
The river rat barely misses you.
The river rat bites you but does no damage. x2
You block the river rat's attack.
The river rat bites you but does no damage.
You feel very mighty all of a sudden. The river rat bites you.
The river rat bites you!
* * * LOW HITPOINT WARNING * * *
The river rat bites you!
You die...

~~~≈~# ≈≈.≈.# ~~≈~# #~≈~#
#### #~≈~# #..r #~≈.#
#####''#####~≈~#
........r@~~~~~#
........rr~~~†.#
#####++#####~≈~# #~≈~# #~≈~#
###################~≈~#######
~~~.~~~~~~~~~~.~.~~~≈~≈≈≈≈≈≈≈
≈≈≈≈≈≈≈≈≈≈≈≈≈≈≈≈≈≈≈≈≈~≈≈≈≈≈≈≈
~..~~~.~~~~~..~~~~.~~~≈≈≈≈≈≈≈


You could see 3 river rats.

Vanquished Creatures
  2 adders
  A river rat (Sewer)
  2 worms
  3 dart slugs
  An orc (D:3)
  8 ball pythons
  7 endoplasms
  5 giant cockroaches
  7 goblins
  6 hobgoblins
  4 jackals (Sewer)
  4 kobolds
  6 quokkas
  7 bats
  4 frilled lizards
  9 rats
76 creatures vanquished.

Notes
Turn   | Place    | Note
-------+----------+-------------------------------------------
     0 | D:1      | HallandMoats the Demonspawn Fighter began the quest for the
                  | Orb.
     0 | D:1      | Reached XP level 1. HP: 18/18 MP: 1/1
    64 | D:1      | Gained mutation: You have sharp fingernails. [demonic
                  | ancestry]
    64 | D:1      | Reached XP level 2. HP: 24/24 MP: 2/2
   827 | D:1      | Found Josibreshe's Antique Armour Emporium.
   977 | D:1      | Reached XP level 3. HP: 25/29 MP: 3/3
  1202 | D:2      | Reached skill level 1 in Unarmed Combat
  2041 | D:3      | Gained mutation: You are partially covered in razor-sharp
                  | scales. (AC +1, Slay +1) [demonic ancestry]
  2041 | D:3      | Reached XP level 4. HP: 29/37 MP: 4/4
  2119 | D:3      | Found a snail-covered altar of Cheibriados.
  2186 | D:3      | Found a hazy altar of Hepliaklqana.
  2471 | D:3      | Found a broken altar of Ashenzari.
  2622 | D:4      | Reached skill level 4 in Fighting
  2638 | D:4      | Found a glowing drain.
  2642 | Sewer    | Entered a sewer
  3000 | Sewer    | Slain by a river rat

Illustrated notes

Levels and vault maps discovered:
D:1:      amcnicky_arrival_gap_in_the_tavern_cellar, layout_basic, serial_shops,
          nicolae_shop_window_shopping, serial_forest,
          infiniplex_forest_clump_large, infiniplex_forest_clump_long,
          infiniplex_forest_clump_medium, infiniplex_forest_straight_3,
          infiniplex_forest_end_1, infiniplex_forest_zigzag_1
D:2:      layout_basic, kennysheep_generic_room_6
D:3:      layout_rooms, overflow_temple_1_default, mainiacjoe_overflow_swirl,
          hangedman_abyss_or_decor_lesser_grid, chequers_serial_rivers_room_a
D:4:      layout_rooms, minmay_temple_entry_offerings, gup_sewer_entry_bowl,
          serial_shops, nicolae_shop_stone
Sewer:    sewer_fruit_machine

Skill      XL: |  1  2  3  4 |
---------------+-------------+-----
Axes           | 2 |  2.1
Shields        | 3 |  3.3
Unarmed Combat | 1 2 |  2.1
Fighting       | 4 |  4.2
Armour         | |  2.6

Action                     |  1- 3 |  4- 6 || total
---------------------------+-------+-------++-------
  Melee: War axe           |    13 |       ||    13
         Unarmed           |   184 |   111 ||   295
    Use: Potion            |       |     1 ||     1
 Armour: Scale mail        |    63 |    69 ||   132
  Dodge: Dodged            |    80 |    58 ||   138
  Block: Buckler           |    44 |    27 ||    71

Table legend: (Time is in decaauts)
 A = Elapsed time spent in this place.
 B = Non-inter-level travel time spent in this place.
 C = Inter-level travel time spent in this place.
 D = Time resting spent in this place.
 E = Time spent auto-exploring this place.
 F = Levels seen in this place.
 G = Mean time per level.
                   A        B        C        D        E       F      G
               +--------+--------+--------+--------+--------+-----+--------+
         Total |   3061 |   2938 |    123 |    222 |   1902 |   5 |  612.2 |
       Dungeon |   2654 |   2531 |    123 |    106 |   1796 |   4 |  663.5 |
         Sewer |    407 |    407 |      0 |    116 |    106 |   1 |  407.0 |
               +--------+--------+--------+--------+--------+-----+--------+

Top non-repeatable levels by time:
     D:1: 1163 daAuts
     D:2: 840 daAuts
     D:3: 598 daAuts
   Sewer: 407 daAuts
     D:4: 51 daAuts
